 Dungeon Crawl Stone Soup version 0.29.1-12-g30fa7ad0bf (webtiles) character file.

Game seed: 9361029819150501160

3 MajorAdolf the Stinger (level 1, -2/15 HPs)
             Began as a Naga Wanderer on Jan 8, 2023.
             Frozen to death by an endoplasm (5 damage)
             ... on level 1 of the Dungeon.
             The game lasted 00:01:13 (280 turns).

MajorAdolf the Stinger (Naga Wanderer)               Turns: 280, Time: 00:01:13

Health: -2/15      AC:  3    Str: 15    XL:     1   Next: 50%
Magic:  4/4        EV:  7    Int: 13    God:
Gold:   19         SH:  0    Dex:  8    Spells: 6/6 levels left

rFire   . . .      SeeInvis +   e - +0 dagger
rCold   . . .      Faith    .   (no shield)
rNeg    . . .      Spirit   .   c - +0 scale mail
rPois   +          Reflect  .   (no helmet)
rElec   .          Harm     .   (no cloak)
rCorr   .          Rampage  .   (no gloves)
Will    .....                   (no barding)
Stlth   ..........              (no amulet)
HPRegen 0.05/turn               (no ring)
MPRegen 0.09/turn               (no ring)

@: short of breath, very slow
A: AC +0, large, see invisible, deformed body, poison resistance, slowness 2,
spit poison 1, naga tail 1
a: Spit Poison


You were on level 1 of the Dungeon.
You visited 1 branch of the dungeon, and saw 1 of its levels.

You collected 19 gold pieces.

Inventory:

Hand Weapons
 a - a +0 club
 e - a +0 dagger (weapon)
Armour
 c - a +0 scale mail (worn)
Scrolls
 d - a scroll of immolation {unknown}
Potions
 b - a potion of heal wounds
 f - a potion of mutation {unknown}


   Skills:
 - Level 2.4 Armour
 - Level 3.0 Spellcasting
 + Level 0.3 Conjurations
 + Level 0.3 Air Magic
 + Level 4.1 Poison Magic
 - Level 1.0 Invocations


You had 6 spell levels left.
You didn't know any spells.
Your spell library contained the following spells:

 Spells                   Type           Power      Damage    Failure   Level
 Sting                    Tmut/Pois      28%        1d4       36%         1
 Mephitic Cloud           Conj/Pois/Air  6%         N/A       80%         3
 Olgreb's Toxic Radiance  Pois           12%        N/A       85%         4


Dungeon Overview and Level Annotations

Branches:
Dungeon (1/15)

Altars:


Innate Abilities, Weirdness & Mutations

Your serpentine skin is tough. (AC +0)
You have supernaturally acute eyesight. (SInv)
Armour fits poorly on your strangely shaped body.
Your system is resistant to poisons. (rPois)
You cover ground very slowly.
You can spit poison.
You have a snake-like lower body.


Message History

No target in view!
A goblin comes into view. It is wielding a +0 club.
The goblin shouts!
A goblin is nearby!
A goblin is nearby!
An endoplasm comes into view.
You barely miss the goblin.
You have got your breath back.
The goblin barely misses you.
There are monsters nearby!
The goblin hits you with a +0 club.
You closely miss the goblin. The goblin hits you with a +0 club.
You hit the goblin.
The goblin is severely wounded.
The goblin closely misses you.
You closely miss the goblin.
The goblin is severely wounded.
The goblin hits you with a +0 club.
You barely miss the goblin.
The goblin is severely wounded.
The goblin hits you with a +0 club.
You hit the goblin.
You kill the goblin!
You hit the endoplasm.
The endoplasm is moderately wounded.
The endoplasm hits you.
You hit the endoplasm but do no damage.
The endoplasm is moderately wounded.
The endoplasm freezes you.
You are frozen.
* * * LOW HITPOINT WARNING * * *
Aiming: Spit Poison (3% risk of failure)
Press: ? - help, Shift-Dir - straight line, f - endoplasm
Aim: an endoplasm (moderately wounded, 96% to hit)
The splash of poison hits the endoplasm.
The endoplasm is poisoned.
The endoplasm is heavily wounded.
The endoplasm freezes you.
You are frozen.
You die...

#.... #.......#
..........†..##.#
....###.###.#
....##...##.# ...
#.....#.## ##
..........#
.##......).#
.......†.#########
....##..@#........
#........J........
#........#.##...##
#######..#.# ...
#..#.# # #..#.#
...#.# ##.##.# #.
#.#


You could see an endoplasm (poisoned).

Vanquished Creatures
  A goblin (D:1)
  2 ball pythons (D:1)
  A bat (D:1)
4 creatures vanquished.

Notes
Turn   | Place    | Note
-------+----------+-------------------------------------------
     0 | D:1      | MajorAdolf the Naga Wanderer began the quest for the Orb.
     0 | D:1      | MajorAdolf set off with the following items: a +0 club, a
                  | potion of heal wounds, a +0 scale mail; and the following
                  | spells available to memorise: Sting, Mephitic Cloud,
                  | Olgreb's Toxic Radiance.
     0 | D:1      | Reached XP level 1. HP: 15/15 MP: 4/4
   280 | D:1      | Frozen to death by an endoplasm

Illustrated notes

Levels and vault maps discovered:
D:1:      ncdulo_smallfort, layout_loops_ring, hellmonk_ecumenical_altar_run_dry

Action                   || total
-------------------------++-------
Melee: Dagger            ||    10
       Club              ||     4
 Abil: Spit Poison       ||     4
Armor: Scale mail        ||     7
Dodge: Dodged            ||     6
